 Dungeon Crawl Stone Soup version 0.25-a0-589-g1e14c549ee (webtiles) character file.

Game seed: 14870263013314948475, levelgen mode: deterministic

3793 kae the Covert (level 9, -3/45 HPs)
             Began as a Vampire Enchanter on Mar 11, 2020.
             Was an Initiate of Dithmenos.
             Slain by an orc warrior
             ... wielding a +0 halberd
              (16 damage)
             ... on level 8 of the Dungeon.
             The game lasted 00:09:40 (8117 turns).

kae the Covert (Vampire Enchanter)                  Turns: 8117, Time: 00:09:40

Health: -3/45      AC:  6    Str: 10    XL:     9   Next: 96%
Magic:  24/27      EV: 18    Int: 17    God:    Dithmenos [......]
Gold:   372        SH:  4    Dex: 15    Spells: 11/20 levels left

rFire    . . .     SeeInvis +   a - +3 dagger
rCold    + + .     Gourm    .   (no shield)
rNeg     + + +     Faith    .   b - +0 robe
rPois    ∞         Spirit   .   (no helmet)
rElec    .         Reflect  +   j - +1 cloak
rCorr    .         Harm     .   (no gloves)
MR       .....                  k - +1 pair of boots
Stlth    +++++++...             y - +4 amulet of reflection
HPRegen  0.00/turn              o - +5 ring of evasion
MPRegen  0.20/turn              w - ring of magical power

@: bloodless
A: no food, fangs 3, see invisible, unbreathing
a: Bat Form, Revivify, Renounce Religion


You were on level 8 of the Dungeon.
You worshipped Dithmenos.
Dithmenos was noncommittal.
You were bloodless.

You visited 2 branches of the dungeon, and saw 9 of its levels.
You also visited: Ossuary.

You collected 372 gold pieces.

Inventory:

Hand Weapons
 a - a +3 dagger (weapon)
Armour
 b - a +0 robe (worn)
 j - a +1 cloak (worn)
 k - a +1 pair of boots (worn)
Jewellery
 o - a +5 ring of evasion (left hand)
 r - an uncursed ring of ice
 w - a ring of magical power (right hand)
 x - an uncursed ring of wizardry
 y - a +4 amulet of reflection (around neck)
Wands
 e - a wand of disintegration (33)
 p - a wand of enslavement (11)
 t - a wand of random effects (22)
Scrolls
 c - 4 scrolls of fear
 g - 5 scrolls of amnesia
 i - 7 scrolls of teleportation
 l - 3 scrolls of remove curse
 m - 3 scrolls of enchant armour
 q - a scroll of fog
 v - 2 scrolls of identify
Potions
 d - 3 potions of flight
 f - 3 potions of lignification
 h - 2 potions of stabbing
 n - 5 potions of curing
 s - 2 potions of heal wounds
 u - 2 potions of resistance
 z - a potion of ambrosia
 A - a potion of mutation


   Skills:
 * Level 9.9 Short Blades
 - Level 2.1 Dodging
 + Level 10.8 Stealth
 + Level 6.1 Spellcasting
 + Level 10.1 Hexes


You had 11 spell levels left.
You knew the following spells:

 Your Spells              Type           Power        Failure   Level  Hunger
a - Corona                Hex            #####..      1%          1    N/A
b - Ensorcelled Hibernat  Hex/Ice        ###...       2%          2    N/A
c - Confusing Touch       Hex            #####...     1%          3    N/A
d - Tukima's Dance        Hex            #####...     1%          3    N/A

Your spell library contained the following spells:

 Spells                   Type           Power        Failure   Level  Hunger
 Dazzling Flash           Conj/Hex       ###...       4%          3    N/A
 Animate Skeleton         Necr           N/A          13%         1    N/A
 Pain                     Necr           #...         13%         1    N/A
 Shock                    Conj/Air       #...         13%         1    N/A
 Sting                    Tmut/Pois      #...         13%         1    N/A
 Poisonous Vapours        Pois/Air       #.....       19%         2    N/A
 Swiftness                Chrm/Air       #.......     19%         2    N/A
 Ignite Poison            Fire/Tmut/Pois #.......     36%         3    N/A
 Mephitic Cloud           Conj/Pois/Air  #.......     36%         3    N/A
 Static Discharge         Conj/Air       #.......     36%         3    N/A
 Vampiric Draining        Necr           #.........   36%         3    N/A
 Airstrike                Air            #.........   77%         4    N/A
 Animate Dead             Necr           N/A          77%         4    N/A
 Olgreb's Toxic Radiance  Pois           #.......     77%         4    N/A
 Agony                    Necr           #.......     98%         5    N/A
 Lightning Bolt           Conj/Air       #.........   98%         5    N/A

Dungeon Overview and Level Annotations

Branches:
Dungeon (8/15)             Temple (1/1) D:7         Ossuary (visited)
   Lair: D:8-11

Altars:
Ashenzari
Cheibriados
Dithmenos
Elyvilon
Fedhas
Gozag
Hepliaklqana
Kikubaaqudgha
Makhleb
Nemelex Xobeh
Okawaru
Qazlal
Ru
Sif Muna
Trog
Uskayaw
Vehumet
Wu Jian
Xom
Yredelemnul
Zin
The Shining One

Annotations:
D:8 Psyche


Innate Abilities, Weirdness & Mutations

You do not eat.
You do not regenerate when monsters are visible.
You are frail without blood (-20% HP).
You can heal yourself when you bite living creatures.
You are immune to poison.
You have razor-sharp teeth.
You have supernaturally acute eyesight. (SInv)
You can survive without breathing.


Message History

Things that are here:
a +0 mace; an orc corpse The orc warrior hits you but does no damage.
The orc wizard mumbles some strange words.
The orc wizard seems to speed up.
The orc wizard points at you and mumbles some strange words.
The magic dart hits you.
You see here a scroll of fog.
Casting: Confusing Touch (safe; 1% risk of failure)
Confirm with . or Enter, or press ? or * to list all spells.
Your hands begin to glow brighter.
The orc wizard hits you with a +0 dagger of electrocution.
* * * LOW HITPOINT WARNING * * *
The orc wizard misses you.
You hit the orc wizard but do no damage.
The orc wizard appears confused.
The orc wizard completely misses you. You block the orc wizard's attack.
You see here a ration.
The orc warrior hits you with a +0 halberd!
You die...

# #. #..# .##.. ##..###
#.@#..... .....
#..####..###..# #.
#..##......#..#.# #.#
#..##.>.......#.# #.#
#..##..###.##.#.# #.#
#..##..# #.##.#.# #.#
#..##..###.##@#.# #.#
#.<##..##...#o#.#
##.####### #
#.............#.#
#........#
####.###..##...###.##
#..#####.#
.##...........###...###..#
#.##
....%###..###.......†[#..#
#..#
.........).....###..#.#..#
##<# ###.####.......#
#.......# #.# # #.#
##.####[###......## #.#


You could see an orc warrior.

Vanquished Creatures
  A hornet (D:5)
  Grinder (D:4)
  Sigmund (D:5)
  A wraith (Ossuary)
  Eustachio (D:5)
  A hungry ghost (D:7)
  Menkaure (D:7)
  Edmund (D:4)
  A water moccasin (D:8)
  2 orc warriors
  2 sky beasts (D:5)
  2 ice beasts (D:6)
  A phantom (D:6)
  3 ogres
  A centaur (D:6)
  Blork the orc (D:5)
  3 bullfrogs
  An elf zombie (Ossuary)
  2 scorpions
  3 crimson imps
  3 hounds
  A centaur skeleton (D:3)
  A jelly (D:7)
  4 orc priests
  A bullfrog skeleton (D:5)
  4 orc wizards
  An iguana (D:7)
  Ijyb (D:3)
  Natasha (thrice) (D:2)
  4 worker ants
  A big kobold zombie (Ossuary)
  3 mummies (Ossuary)
  4 gnolls (D:2)
  Robin (D:2)
  10 adders
  An ooze (D:3)
  An adder skeleton (D:6)
  5 worms
  2 dart slugs
  4 leopard geckos
  23 orcs
  2 ball pythons
  5 giant cockroaches
  9 hobgoblins
  13 jackals
  7 kobolds
  6 quokkas
  6 bats
  6 frilled lizards
  7 goblins
  3 goblin zombies (Ossuary)
  2 kobold zombies (Ossuary)
  A leopard gecko skeleton (D:4)
  An orc zombie (Ossuary)
  A quokka skeleton (D:4)
  10 rats
187 creatures vanquished.

Notes
Turn   | Place    | Note
-------+----------+-------------------------------------------
     0 | D:1      | kae the Vampire Enchanter began the quest for the Orb.
     0 | D:1      | Reached XP level 1. HP: 13/13 MP: 3/3
   294 | D:1      | Reached XP level 2. HP: 19/19 MP: 5/5
  1341 | D:2      | Noticed Robin
  1403 | D:1      | Learned a level 2 spell: Ensorcelled Hibernation
  1422 | D:1      | Reached XP level 3. HP: 16/24 MP: 1/6
  1704 | D:2      | Killed Robin
  1704 | D:2      | Reached skill level 5 in Stealth
  1715 | D:2      | Reached skill level 5 in Hexes
  1838 | D:2      | Reached XP level 4. HP: 30/30 MP: 2/7
  2257 | D:2      | Found a glowing golden altar of the Shining One.
  2265 | D:2      | Noticed Natasha
  2269 | D:2      | Killed Natasha
  2318 | D:2      | Reached XP level 5. HP: 35/35 MP: 9/9
  2662 | D:2      | Noticed Natasha
  2679 | D:2      | Killed Natasha
  2913 | D:2      | Noticed Natasha
  2937 | D:2      | Killed Natasha
  3045 | D:2      | Found a glowing golden altar of the Shining One.
  3512 | D:3      | Reached XP level 6. HP: 12/41 MP: 4/10
  3550 | D:3      | Noticed Ijyb
  3556 | D:3      | Killed Ijyb
  3638 | D:3      | Learned a level 3 spell: Confusing Touch
  3642 | D:3      | Learned a level 3 spell: Tukima's Dance
  4042 | D:3      | Found a sparkling altar of Nemelex Xobeh.
  4385 | D:4      | Noticed Grinder
  4404 | D:4      | Killed Grinder
  4404 | D:4      | Reached skill level 5 in Short Blades
  4404 | D:4      | Reached XP level 7. HP: 37/46 MP: 8/12
  4597 | D:4      | Noticed Edmund
  4605 | D:4      | Killed Edmund
  4908 | D:5      | Entered Level 5 of the Dungeon
  4908 | D:5      | Noticed Eustachio
  4915 | D:5      | Killed Eustachio
  4952 | D:5      | Noticed Sigmund
  5108 | D:5      | Killed Sigmund
  5108 | D:5      | Reached XP level 8. HP: 39/41 MP: 7/14
  5267 | D:5      | Noticed a hornet
  5294 | D:5      | Killed a hornet
  5574 | D:5      | Noticed Blork the orc
  5584 | D:5      | Killed Blork the orc
  5751 | D:6      | Reached skill level 5 in Spellcasting
  5847 | D:6      | Reached XP level 9. HP: 45/45 MP: 16/16
  6524 | D:7      | Found a staircase to the Ecumenical Temple.
  6532 | D:7      | Reached skill level 10 in Stealth
  6626 | D:7      | Noticed Menkaure
  6635 | D:7      | Killed Menkaure
  6691 | D:7      | Found a sand-covered staircase.
  6696 | Ossuary  | Entered an ossuary
  7288 | D:7      | Reached skill level 10 in Hexes
  7383 | D:7      | Found a blossoming altar of Fedhas.
  7745 | D:8      | Noticed Psyche
  7753 | Temple   | Entered the Ecumenical Temple
  8003 | Temple   | Became a worshipper of Dithmenos the Shadowed
  8117 | D:8      | Slain by an orc warrior

Levels and vault maps discovered:
D:1:      nagdon_arrival_double_spiral, layout_basic
D:2:      layout_basic, nicolae_overflow_crystal_walls, first_ration,
          uniq_natasha, uniq_robin
D:3:      layout_loops_ring, nemelex_dance_club_becter, uniq_ijyb
D:4:      layout_basic, uniq_edmund, uniq_grinder
D:5:      layout_rooms, uniq_blork_the_orc, uniq_sigmund, uniq_eustachio
D:6:      minmay_evil_eye, layout_loops_ring, lemuel_statue_altar
D:7:      layout_rooms, minmay_temple_entry_from_below_a, serial_corexii_hall,
          corexii_hall_statues_u, corexii_hall_statues_l, enter_ossuary_2,
          fedhas_altar_fruit_tree, uniq_menkaure
D:8:      layout_loops_ring, uniq_psyche
Temple:   roderic_octagonal_lattice_temple

Skill      XL: |  1  2  3  4  5  6  7  8  9 |
---------------+----------------------------+-----
Short Blades   | 2 3 4 5 6 8 9 |  9.9
Stealth        | 5 6 7 8 9 10 | 10.8
Hexes          | 5 6 7 8 10 | 10.1
Spellcasting   | 3 4 5 6 |  6.1
Dodging        | |  2.1

Action                   |  1- 3 |  4- 6 |  7- 9 || total
-------------------------+-------+-------+-------++-------
Melee: Dagger            |   106 |   228 |   253 ||   587
       Bite              |     9 |    11 |    25 ||    45
 Cast: Ensorcelled Hiber |    12 |    34 |    52 ||    98
       Corona            |       |     1 |       ||     1
       Confusing Touch   |       |     1 |     9 ||    10
 Abil: Exsanguinate      |       |       |     1 ||     1
  Use: Scroll            |       |    11 |     9 ||    20
       Potion            |       |     5 |       ||     5
 Stab: Sleeping          |    18 |    33 |    57 ||   108
       Confused          |       |     2 |     6 ||     8
Armor: Robe              |    25 |    45 |    22 ||    92
Dodge: Dodged            |    74 |   127 |   124 ||   325
Block: Other             |       |       |    11 ||    11

Table legend:
 A = Non-vault XP
 B = Vault XP
 C = Vault XP percentage of total XP
 D = Non-vault monster count
 E = Vault monster count
 F = Vault count percentage of total count
                 A         B        C        D         E       F
            +---------+---------+-------+---------+---------+-------
      Total |    3652 |    1767 |  32.6 |     152 |      35 |  18.7
            +---------+---------+-------+---------+---------+-------
        D:1 |      26 |      15 |  36.6 |      15 |       8 |  34.8
        D:2 |     219 |      52 |  19.2 |      30 |       4 |  11.8
        D:3 |     171 |      46 |  21.2 |      22 |       3 |  12.0
        D:4 |     180 |     425 |  70.2 |      21 |       2 |   8.7
        D:5 |     755 |     530 |  41.2 |      14 |       3 |  17.6
        D:6 |    1025 |     135 |  11.6 |      27 |       2 |   6.9
        D:7 |     960 |     172 |  15.2 |      15 |       1 |   6.2
        D:8 |     316 |       0 |   0.0 |       8 |       0 |   0.0
    Ossuary |       0 |     392 | 100.0 |       0 |      12 | 100.0
            +---------+---------+-------+---------+---------+-------
